 Dungeon Crawl Stone Soup version 0.32-a0-779-g362cfcae2a (webtiles) character file.

Game seed: 6907810513026096121

17325 hikkokomori the Prestidigitator (level 12, -1/95 HPs)
             Began as a Coglin Artificer on Mar 19, 2024.
             Was an Initiate of Gozag.
             Slain by a cyclops (13 damage)
             ... on level 13 of the Dungeon.
             The game lasted 00:39:16 (13360 turns).

hikkokomori the Prestidigitator (Coglin Artificer) Turns: 13360, Time: 00:39:17

Health: -1/95      AC: 13    Str: 16    XL:     12   Next: 46%
Magic:  2/19       EV:  8    Int: 11    God:    Gozag
Gold:   550        SH:  0    Dex: 16    Spells: 11/21 levels left

rFire   + + .        s - +12 dagger "Jibrem" {heavy, rC+ rCorr}
rCold   + . .        S - +1 short sword (venom) {Tiedemann}
rNeg    . . .        H - +0 fire dragon scales
rPois   +            x - +0 helmet
rElec   .            U - +1 cloak "Liymutt" {rPois rC+ rCorr}
rCorr   +            (no gloves)
SInv    .            (no boots)
Will    .....        (amulet unavailable)
Stlth   +            (ring unavailable)
HPRegen 0.35/turn    (ring unavailable)
MPRegen 0.16/turn    (no gizmo)

%: no passive effects
@: gold aura, very slightly contaminated, revving
A: off-hand wielding, slow wielding, warmup strikes, no jewellery
a: Invent Gizmo, Renounce Religion, Potion Petition, Call Merchant, Bribe Branch


You were on level 13 of the Dungeon.
You worshipped Gozag.
Gozag was pleased with you.
You visited 3 branches of the dungeon, and saw 17 of its levels.
You also visited: Ossuary and Bailey.

You collected 2496 gold pieces.
You spent 1510 gold pieces at shops.
You paid 436 gold pieces to Gozag.

Inventory:

Hand Weapons
 f - a +0 dagger of electrocution {Prasit}
 s - the +12 dagger "Jibrem" (weapon) {heavy, rC+ rCorr}
   (You found it on level 3 of the Dungeon)

   rC+:       It protects you from cold.
   rCorr:     It protects you from acid and corrosion.
 y - a +3 heavy scimitar
 A - a +2 antimagic hand axe
 S - a +1 short sword of venom (offhand) {Tiedemann}
Missiles
 o - 10 boomerangs
 p - 3 throwing nets
Armour
 x - a +0 helmet (worn)
 H - +0 fire dragon scales (worn)
 M - +0 steam dragon scales
 T - the +4 Cigotuvi's embrace {Corpsefed rMiasma ^Drain rN+}
   (You bought it in a shop on level 9 of the Dungeon)

   Corpsefed: It gathers nearby corpses to temporarily increase the armour it
   provides.
   rMiasma:   It protects you from foul pestilence.
   rN+:       It protects you from negative energy.
   ^Drain:    It drains your maximum health when unequipped.
 U - the +1 cloak "Liymutt" (worn) {rPois rC+ rCorr}
   (You bought it in a shop on level 9 of the Dungeon)

   rC+:       It protects you from cold.
   rPois:     It protects you from poison.
   rCorr:     It protects you from acid and corrosion.
Wands
 a - a wand of mindburst (3)
 c - a wand of flame (17) (quivered)
 d - a wand of charming (1)
 u - a wand of digging (8)
Scrolls
 h - 3 scrolls of noise
 m - 3 scrolls of vulnerability
 t - 2 scrolls of teleportation
 w - 2 scrolls of enchant weapon
 z - a scroll of silence
 G - 2 scrolls of enchant armour {unknown}
 I - a scroll of fog {unknown}
 L - a scroll of amnesia {unknown}
 N - a scroll of torment {unknown}
 Q - a scroll of revelation
 R - 4 scrolls of immolation
Potions
 g - 3 potions of heal wounds
 i - 4 potions of curing
 l - 2 potions of enlightenment
 q - a potion of lignification
 v - 3 potions of brilliance
 C - a potion of invisibility {unknown}
 D - 2 potions of attraction
 E - 3 potions of might
 F - 4 potions of magic
 J - 3 potions of haste
 K - a potion of ambrosia {unknown}
 O - 2 potions of mutation {unknown}


   Skills:
 - Level 9.0 Fighting
 - Level 8.0 Short Blades
 - Level 6.3 Armour
 - Level 0.8 Dodging
 - Level 2.2 Stealth
 - Level 5.0 Spellcasting
 - Level 5.1 Conjurations
 + Level 2.7 Summonings
 + Level 2.3 Ice Magic
 + Level 5.8 Earth Magic
 - Level 12.0 Evocations


You had 11 spell levels left.
You knew the following spells:

 Your Spells              Type           Power      Damage    Failure   Level
a - Stone Arrow           Conj/Erth      28%        3d8       28%         3
b - Iskenderun's Mystic   Conj/Tloc      8%         2d4       97%         4
c - Summon Ice Beast      Ice/Summ       8%         N/A       67%         3

Your spell library contained the following spells:

 Spells                   Type           Power      Damage    Failure   Level
 Summon Small Mammal      Summ           32%        N/A       28%         1
 Foxfire                  Conj/Fire      32%        2x1d5     30%         1
 Hailstorm                Conj/Ice       10%        3d6       50%         3
 Call Canine Familiar     Summ           8%         N/A       63%         3
 Animate Armour           Summ/Erth      24%        N/A       83%         4
 Sigil of Binding         Hex            2%         N/A       95%         3
 Volatile Blastmotes      Fire/Tloc      4%         2d10      95%         3
 Iskenderun's Battlesphe  Conj           13%        2d7       96%         5
 Fulminant Prism          Conj/Alch      4%         3d5       97%         4
 Summon Blazeheart Golem  Fire/Summ      5%         N/A       99%         4
 Bombard                  Conj/Erth      7%         9d2       100%        6
 Death Channel            Necr           1%         N/A       100%        6
 Permafrost Eruption      Ice/Erth       5%         2x4d3     100%        6
 Plasma Beam              Fire/Air       1%         2x1d11    100%        6
 Sculpt Simulacrum        Ice/Alch       2%         N/A       100%        6
 Starburst                Conj/Fire      4%         6d3       100%        6
 Spellforged Servitor     Conj/Summ      5%         N/A       100%        7
 Lehudib's Crystal Spear  Conj/Erth      7%         10d3      100%        8


Dungeon Overview and Level Annotations

Branches:
Dungeon (14/15)            Temple (1/1) D:6            Lair (2/5) D:9
Ossuary (visited)          Bailey (visited)
  Swamp: Lair:2-3    Shoals: Lair:2-3     Snake: Lair:2-3    Spider: Lair:2-3
    Orc: D:9-12      Vaults: D:13-14

Altars:
Ashenzari
Cheibriados
Dithmenos
Elyvilon
Fedhas
Gozag
Hepliaklqana
Kikubaaqudgha
Makhleb
Nemelex Xobeh
Okawaru
Qazlal
Ru
Sif Muna
Trog
Uskayaw
Vehumet
Wu Jian
Xom
Yredelemnul
Zin
The Shining One

Shops:
D:4 (   D:9 [   D:10 ::[[

Annotations:
D:8 1 runed translucent door


Innate Abilities, Weirdness & Mutations

You can wield a second weapon in your off-hand.
It takes a long time for you to wield or remove held weapons.
Your first few attacks do less damage.
You cannot equip rings or amulets.


Message History

Casting: Stone Arrow (dangerous; 28% risk of failure)
Confirm with . or Enter, or press ? or * to list all spells.
Aiming: Stone Arrow (dangerous; 28% risk of failure)
Press: ? - help, Shift-Dir - straight line, f/p - troll
Aim: a troll (lightly wounded, 68% to hit)
The stone arrow misses the troll.
The stone arrow hits the cyclops.
The cyclops is lightly wounded.
The troll bites you but does no damage. The troll closely misses you.
The troll barely misses you.
Casting: Stone Arrow (dangerous; 28% risk of failure)
Confirm with . or Enter, or press ? or * to list all spells.
Aiming: Stone Arrow (dangerous; 28% risk of failure)
Press: ? - help, Shift-Dir - straight line, f/p - troll
Aim: a troll (lightly wounded, 68% to hit)
The stone arrow hits the troll!
The troll is heavily wounded.
The troll bites you!
The troll claws you but does no damage. x2
You puncture the troll with the +12 dagger "Jibrem"!
The troll is severely wounded.
You hit the troll but do no damage. The troll closely misses you.
The troll barely misses you. The troll claws you!
You hit the troll but do no damage.
The troll is poisoned.
The troll is severely wounded.
You hit the troll but do no damage. The troll barely misses you.
The troll closely misses you. The troll claws you but does no damage.
You hit the troll with your +1 short sword of venom.
The troll looks as sick as possible!
The troll is almost dead.
You puncture the troll with the +12 dagger "Jibrem"!
You kill the troll!
The troll's shape twists and changes as it dies.
The cyclops hits you!!
* * * LOW HITPOINT WARNING * * *
Aiming: Charm
Press: ? - help, Shift-Dir - straight line, f - cyclops
Aim: a cyclops, quivering large rocks (lightly wounded, chance to affect: 58%)
The cyclops resists with significant effort.
The cyclops hits you!
You die...
Your body crumbles into a pile of gold.

#####
#...#
#.@.#
#.$C#
#...#
#...#
#...#
#...#
#...#
#...#


You could see a cyclops.

Vanquished Creatures
  Harold (D:10)
  4 two-headed ogres
  A boulder beetle (D:11)
  A death yak (Lair:1)
  Pikel (D:5)
  3 cyclopes
  A torpor snail (Lair:1)
  A meliai (D:12)
  2 cane toads
  Maggie (D:7)
  3 komodo dragons
  2 unseen horrors
  2 trolls (D:10)
  A troll (shapeshifter) (D:13)
  4 blink frogs
  2 shadows
  2 spriggans (Bailey)
  4 wyverns
  Grum (D:9)
  A wraith (D:9)
  2 basilisks (D:9)
  Menkaure (D:7)
  2 steam dragons
  An acid dragon (D:12)
  6 water moccasins
  3 orc warriors
  3 sky beasts (D:8)
  An ice beast (D:6)
  5 ogres
  3 wolves (D:9)
  3 phantoms
  3 centaurs
  2 kobold brigands
  4 bullfrogs
  2 scorpions
  2 water moccasin zombies (Ossuary)
  13 wights
  9 killer bees
  5 howler monkeys
  4 centaur zombies (Ossuary)
  A hound (D:7)
  3 jellies
  Crazy Yiuf (D:7)
  A bombardier beetle (D:4)
  5 orc priests
  An iguana (D:7)
  9 orc wizards
  A sleepcap (D:6)
  An ogre zombie (Ossuary)
  4 gnolls
  3 adders
  2 white imps
  2 ufetubi (D:6)
  3 adder zombies (Ossuary)
  2 dart slugs
  30 orcs
  6 ball pythons
  5 endoplasms
  A giant cockroach (D:4)
  7 goblins
  5 hobgoblins
  11 jackals
  14 kobolds
  4 quokkas
  4 bats
  3 frilled lizards
  3 gnoll zombies (Ossuary)
  2 goblin zombies (Ossuary)
  2 hobgoblin zombies (Ossuary)
  4 orc zombies (Ossuary)
  6 rats
258 creatures vanquished.

Vanquished Creatures (collateral kills)
  A spriggan (Bailey)
  A steam dragon (Bailey)
  A lemure (D:5)
3 creatures vanquished.

Vanquished Creatures (others)
  A komodo dragon (D:9)
  A wolf (D:9)
  A lemure (D:5)
  A bullfrog (Lair:2)
  A wight (D:9)
5 creatures vanquished.

Grand Total: 266 creatures vanquished

Notes
Turn   | Place    | Note
-------+----------+-------------------------------------------
     0 | D:1      | hikkokomori the Coglin Artificer began the quest for the
                  | Orb.
     0 | D:1      | Reached XP level 1. HP: 15/15 MP: 1/1
    35 | D:1      | Reached skill level 1 in Stealth
    69 | D:1      | Reached XP level 2. HP: 8/21 MP: 2/2
   695 | D:2      | Reached XP level 3. HP: 18/27 MP: 3/3
   933 | D:2      | Found an opulent altar of Gozag.
   975 | D:2      | Became a worshipper of Gozag Ym Sagoz the Greedy
  1536 | D:3      | Found a stormy altar of Qazlal.
  1548 | D:3      | Identified the +12 dagger "Jibrem" {heavy, rC+ rCorr}
  1644 | D:3      | Reached XP level 4. HP: 33/33 MP: 4/4
  1652 | D:3      | Reached skill level 5 in Evocations
  1782 | D:3      | Reached skill level 1 in Short Blades
  1782 | D:3      | Reached XP level 5. HP: 39/39 MP: 5/5
  1853 | D:3      | Found an ornate altar of the Wu Jian Council.
  1894 | D:3      | Found a bloodstained altar of Trog.
  1897 | D:3      | Found an opulent altar of Gozag.
  2233 | D:3      | Found a sacrificial altar of Ru.
  2360 | D:4      | Reached XP level 6. HP: 28/47 MP: 6/6
  2520 | D:4      | Found Jet Yxze's Antique Weapon Shoppe.
  2768 | D:4      | Reached skill level 6 in Evocations
  2995 | D:5      | Entered Level 5 of the Dungeon
  3007 | D:5      | Noticed Pikel
  3037 | D:5      | Killed Pikel
  3038 | D:5      | Reached skill level 7 in Evocations
  3038 | D:5      | Reached XP level 7. HP: 27/55 MP: 7/7
  3462 | D:5      | Learned a level 3 spell: Stone Arrow
  3559 | D:5      | Found a shimmering blue altar of Sif Muna.
  3944 | D:5      | Found a shadowy altar of Dithmenos.
  3945 | D:5      | Found a snail-covered altar of Cheibriados.
  3993 | D:5      | Reached skill level 5 in Fighting
  3993 | D:5      | Reached XP level 8. HP: 62/62 MP: 8/8
  4234 | D:6      | Found a staircase to the Ecumenical Temple.
  4243 | Temple   | Entered the Ecumenical Temple
  4442 | D:6      | Reached skill level 8 in Evocations
  5023 | D:7      | Found a sand-covered staircase.
  5027 | D:7      | Noticed Menkaure
  5033 | D:7      | Killed Menkaure
  5126 | Ossuary  | Entered an ossuary
  5184 | Ossuary  | Reached skill level 5 in Short Blades
  5204 | Ossuary  | Reached skill level 9 in Evocations
  5270 | Ossuary  | Reached XP level 9. HP: 63/71 MP: 9/9
  5325 | Ossuary  | Noticed a silent spectre
  5585 | D:7      | Reached skill level 10 in Evocations
  6231 | D:7      | Noticed Maggie
  6239 | D:7      | Killed Maggie
  6436 | D:7      | Found a runed translucent door.
  6437 | D:7      | Noticed Crazy Yiuf
  6684 | D:7      | Killed Crazy Yiuf
  6765 | D:8      | Reached XP level 10. HP: 55/80 MP: 9/11
  6944 | D:8      | Reached skill level 1 in Conjurations
  6944 | D:8      | Reached skill level 1 in Earth Magic
  6972 | D:8      | Reached skill level 1 in Spellcasting
  6978 | D:8      | Reached skill level 11 in Evocations
  7259 | D:8      | Noticed a sixfirhy
  7260 | D:8      | Found a runed translucent door.
  7950 | D:9      | Found a flagged portal.
  7988 | Bailey   | Entered a bailey
  8223 | Bailey   | Noticed a two-headed ogre
  8258 | Bailey   | Identified the +9 lajatang of Falaoc {pain, rF- rN+++ Dex-2
                  | SInv}
  8267 | Bailey   | Killed a two-headed ogre
  8692 | D:9      | Reached XP level 11. HP: 75/87 MP: 3/15
  8839 | D:9      | Found a staircase to the Lair.
  8927 | D:9      | Noticed a two-headed ogre
  8935 | D:9      | Killed a two-headed ogre
  8936 | D:9      | Reached skill level 12 in Evocations
  9236 | D:9      | Noticed Grum
  9472 | D:9      | Found a basalt altar of Yredelemnul.
  9540 | D:9      | Killed Grum
  9729 | D:9      | Noticed a two-headed ogre
  9730 | D:9      | Found a burning altar of Makhleb.
  9737 | D:9      | Killed a two-headed ogre
  9827 | D:9      | Found a blossoming altar of Fedhas.
 10150 | D:9      | Noticed a two-headed ogre
 10158 | D:9      | Killed a two-headed ogre
 10167 | D:9      | Learned a level 4 spell: Iskenderun's Mystic Blast
 10274 | D:9      | Bought the +4 Cigotuvi's embrace {Corpsefed rMiasma ^Drain
                  | rN+} for 717 gold pieces
 10274 | D:9      | Found the +4 Cigotuvi's embrace {Corpsefed rMiasma ^Drain
                  | rN+}
 10274 | D:9      | Bought a jewelled cloak for 247 gold pieces
 10274 | D:9      | Identified the +1 cloak "Liymutt" {rPois rC+ rCorr} (You
                  | bought it in a shop on level 9 of the Dungeon)
 10309 | D:10     | Entered Level 10 of the Dungeon
 10328 | D:10     | Found Pumixis's Antique Armour Shoppe.
 10425 | D:10     | Found Ujamineh's Armour Shop.
 10606 | D:10     | Noticed Harold
 10624 | D:10     | Killed Harold
 11011 | D:10     | Found Tobiweaq's Book Shop.
 11014 | D:10     | Bought a book of Power for 546 gold pieces
 11192 | D:10     | Found Curgheokol's Book Emporium.
 11343 | Lair:1   | Entered Level 1 of the Lair of Beasts
 11356 | Lair:1   | Reached skill level 5 in Conjurations
 11428 | Lair:1   | Reached skill level 5 in Earth Magic
 11432 | Lair:1   | Noticed a death yak
 11443 | Lair:1   | Killed a death yak
 11452 | Lair:1   | Reached skill level 5 in Spellcasting
 11468 | Lair:1   | Reached XP level 12. HP: 59/95 MP: 15/19
 11677 | Lair:2   | Reached skill level 5 in Armour
 11983 | Lair:2   | Noticed a skyshark
 12453 | D:11     | Learned a level 3 spell: Summon Ice Beast
 12579 | D:11     | Noticed a boulder beetle
 12582 | D:11     | Killed a boulder beetle
 12583 | D:11     | Reached skill level 1 in Summonings
 12583 | D:11     | Reached skill level 1 in Ice Magic
 12765 | D:11     | You fall into a shaft and drop 3 floors!
 13005 | D:13     | Noticed a centaur warrior
 13233 | D:12     | Noticed a six-headed hydra
 13360 | D:13     | Slain by a cyclops

Illustrated notes

Levels and vault maps discovered:
D:1:      nzn_arrival_depleted_hourglass, layout_rooms
D:2:      layout_basic, basic_altar
D:3:      layout_basic, old_standard_altar, nicolae_overflow_hidden_temple,
          gammafunk_temple_overflow_forgotten
D:4:      layout_rooms, serial_shops, nicolae_diamond_shop,
          minmay_misc_feat_rows
D:5:      layout_loops_corners, mainiacjoe_overflow_brackets, minitemple,
          kennysheep_small_spiral, nicolae_kite_square_tiling_tiny, uniq_pikel
D:6:      layout_loops_ring, minmay_temple_entry_poolview
D:7:      minmay_skewed_foursquare, layout_loops_cross,
          nicolae_ossuary_entry_monument, minmay_misc_feat_ornament,
          kennysheep_generic_room_14, uniq_menkaure, uniq_maggie,
          uniq_crazy_yiuf_cottage
D:8:      cheibrodos_shockbox, layout_loops_corners
D:9:      layout_stronghold, grunt_temple_overflow_open, erik_lair_dragon,
          enter_bailey_3, serial_park_tiny_1, uniq_grum
D:10:     layout_gridville, serial_shops, shop, nicolae_shop_tiny_statue_garden,
          nicolae_shop_window_shopping, shop, grunt_ministairs_2,
          serial_park_tiny_pond, kennysheep_big_empty_room, uniq_harold
D:11:     layout_loops_ring, serial_shops, shop, nicolae_benzene_ring
D:12:     minmay_swirls_squares, layout_stronghold, uniq_erolcha
D:13:     layout_long_grid, uniq_nessos
D:14:     layout_loops_corners, hangedman_vaults_entry_quadrant_bands,
          ebering_ghost_rock_garden, nrook_campfire, serial_shops, shop,
          lemuel_flame_loot_1
Temple:   bh_familiar_temple
Lair:1:   layout_chaotic_city, serial_bayou_shore_b, grunt_megastairs_2,
          lemuel_fruit_tree
Lair:2:   layout_hall_layers, alex1729_swamp_entry_worm_eleionoma, uniq_erica

Skill      XL: |  1  2  3  4  5  6  7  8  9 10 11 12 |
---------------+-------------------------------------+-----
Stealth        | 1 2 |  2.2
Fighting       | 2 3 4 5 6 7 8 9 |  9.0
Evocations     | 5 7 9 10 11 12 | 12.0
Short Blades   | 1 2 3 4 5 6 7 8 |  8.0
Conjurations   | 3 5 |  5.1
Earth Magic    | 3 5 |  5.8
Spellcasting   | 3 5 |  5.0
Armour         | 4 6 |  6.3
Summonings     | 2 |  2.7
Ice Magic      | 2 |  2.3
Dodging        | |  0.8

Action                     |  1- 3 |  4- 6 |  7- 9 | 10-12 || total
---------------------------+-------+-------+-------+-------++-------
  Melee: Club              |    95 |       |       |       ||    95
         Dagger            |   170 |    87 |   279 |   359 ||   895
         Rapier            |       |       |    43 |       ||    43
         Short sword       |       |       |       |   185 ||   185
   Cast: Stone Arrow       |       |       |       |    29 ||    29
 Invoke: Call Merchant     |       |       |       |     1 ||     1
  Evoke: Wand              |       |     9 |     1 |    45 ||    55
    Use: Potion            |       |     1 |     2 |     2 ||     5
         Scroll            |       |     5 |     8 |     9 ||    22
   Stab: Sleeping          |     2 |     2 |     1 |     3 ||     8
         Distracted        |     1 |       |       |       ||     1
 Armour: Leather armour    |   113 |    37 |     4 |   112 ||   266
         Skin              |       |    11 |       |     2 ||    13
         Scale mail        |       |       |   111 |       ||   111
         Steam dragon scal |       |       |     5 |    97 ||   102
         Fire dragon scale |       |       |       |    63 ||    63
  Dodge: Dodged            |    86 |    20 |    71 |   117 ||   294

Table legend: (Time is in decaauts)
 A = Elapsed time spent in this place.
 B = Non-inter-level travel time spent in this place.
 C = Inter-level travel time spent in this place.
 D = Time resting spent in this place.
 E = Time spent auto-exploring this place.
 F = Levels seen in this place.
 G = Mean time per level.
                   A        B        C        D        E       F      G
               +--------+--------+--------+--------+--------+-----+--------+
         Total |  13341 |  12990 |    351 |   1162 |   9203 |  19 |  702.2 |
       Dungeon |  12047 |  11697 |    350 |    776 |   8796 |  14 |  860.5 |
        Temple |      1 |      1 |      0 |      0 |      0 |   1 |    1.0 |
          Lair |    675 |    675 |      0 |    306 |    199 |   2 |  337.5 |
       Ossuary |    244 |    244 |      0 |      0 |     86 |   1 |  244.0 |
        Bailey |    372 |    372 |      0 |     80 |    122 |   1 |  372.0 |
               +--------+--------+--------+--------+--------+-----+--------+

Top non-repeatable levels by time:
     D:9: 2359 daAuts
     D:7: 1531 daAuts
     D:8: 1349 daAuts
     D:5: 1149 daAuts
     D:3: 893 daAuts
    D:10: 815 daAuts
     D:6: 780 daAuts
     D:2: 765 daAuts
     D:4: 717 daAuts
     D:1: 642 daAuts
    D:11: 453 daAuts
  Lair:2: 444 daAuts
  Bailey: 372 daAuts
    D:12: 337 daAuts
 Ossuary: 244 daAuts
